 Dungeon Sprint DCSS version 0.30-a0-458-g86641cc369 (webtiles) character file.

Game seed: 17908112912315006073

7200 NinjaNoafa the Brawler (level 10, 0/107 (111) HPs)
             Began as a Troll Monk on Dec 15, 2022.
             Was a High Priest of Wu Jian.
             Slain by a bennu (6 damage)
             ... in the Dungeon (Sprint V: "Ziggurat Sprint").
             The game lasted 00:09:17 (481 turns).

NinjaNoafa the Brawler (Troll Monk)                  Turns: 481, Time: 00:09:17

HP:   0/107 (111)   AC: 30    Str: 34    XL:     10   Next: 87%
MP:   9/9           EV:  7    Int:  4    God:    Wu Jian [*****.]
Gold: 0             SH:  0    Dex: 16    Spells: 9/9 levels left

rFire   + . .      SeeInvis .      - Unarmed
rCold   + . .      Faith    .    i - +3 tower shield
rNeg    . . .      Spirit   .    j - +5 gold dragon scales
rPois   +          Reflect  .    (helmet restricted)
rElec   +          Harm     .    w - +1 cloak {Will+}
rCorr   .          Rampage  .    (gloves unavailable)
Will    +....      NoTele   +    (boots unavailable)
Stlth   ..........               D - amulet of the acrobat
HPRegen 1.17/turn                A - +6 ring of strength
MPRegen 0.11/turn                E - ring "Hogruy Keoka" {rElec AC+4 Str+7 Int-2 Stlth-}

@: confused, exhausted, ambrosia-drunk, in a heavenly storm, glowing, lightly
drained
A: large, unfitting armour, claws 3, regeneration 1, shaggy fur 1, tough skin 1
a: Renounce Religion, Wall Jump, Serpent's Lash, Heavenly Storm


You were in the Dungeon.
You worshipped Wu Jian.
Wu Jian was extremely pleased with you.
You visited 1 branch

Inventory:

Armour
 i - a +3 tower shield (worn)
 j - +5 gold dragon scales (worn)
 w - a +1 cloak of willpower (worn)
Jewellery
 A - a +6 ring of strength (left claw)
 D - an amulet of the acrobat (around neck)
 E - the ring "Hogruy Keoka" (right claw) {rElec AC+4 Str+7 Int-2 Stlth-}
   (You found it in the Dungeon)

   [ring of protection]

   AC:        It affects your AC (+4).
   Str:       It affects your strength (+7).
   Int:       It affects your intelligence (-2).
   rElec:     It insulates you from electricity.
   Stlth:     It makes you less stealthy.
Wands
 s - a wand of mindburst (1)
 t - a wand of iceblast (3)
 u - a wand of acid (4)
Scrolls
 a - 4 scrolls of amnesia
 h - a scroll of blinking
 k - 6 scrolls of fog
 l - 5 scrolls of identify
 m - 2 scrolls of fear
 z - a scroll of brand weapon
Potions
 c - 9 potions of curing
 e - 6 potions of haste
 f - 7 potions of magic
 g - 2 potions of berserk rage
 n - 2 potions of brilliance
 o - 2 potions of invisibility
 p - 4 potions of resistance
 r - 4 potions of might
Miscellaneous
 v - a piece from Xom's chessboard (15/15)
 y - a tin of tremorstones (1/2)
 C - a lightning rod (4/4)


   Skills:
 + Level 10.5 Fighting
 + Level 10.1 Armour
 - Level 2.4 Dodging
 - Level 1.0 Stealth
 + Level 11.0 Shields
 * Level 16.9 Unarmed Combat


You had 9 spell levels left.
You didn't know any spells.
Your spell library contained the following spells:

 Spells                   Type           Power      Damage    Failure   Level
 Freeze                   Ice            0%         1d3       100%        1
 Frozen Ramparts          Ice            0%         1d1       100%        3
 Hailstorm                Conj/Ice       0%         3d3       100%        3
 Portal Projectile        Hex/Tloc       0%         N/A       100%        3
 Stone Arrow              Conj/Erth      0%         3d7       100%        3
 Summon Guardian Golem    Hex/Summ       0%         N/A       100%        3
 Anguish                  Hex/Necr       0%         N/A       100%        4
 Animate Armour           Summ/Erth      0%         N/A       100%        4
 Blade Hands              Tmut           0%         N/A       100%        5
 Irradiate                Conj/Tmut      0%         3d11      100%        5
 Silence                  Hex/Air        0%         N/A       100%        5
 Summon Forest            Summ/Tloc      0%         N/A       100%        5
 Dragon Form              Tmut           0%         N/A       100%        7
 Orb of Destruction       Conj           0%         9d5       100%        7
 Spellforged Servitor     Conj/Summ      0%         N/A       100%        7
 Lehudib's Crystal Spear  Conj/Erth      0%         10d2      100%        8


Dungeon Overview and Level Annotations

Branches:
Dungeon (1/1)

Altars:
Ashenzari
Cheibriados
Dithmenos
Elyvilon
Fedhas
Gozag
Hepliaklqana
Kikubaaqudgha
Makhleb
Nemelex Xobeh
Okawaru
Qazlal
Ru
Sif Muna
Trog
Uskayaw
Vehumet
Wu Jian
Xom
Yredelemnul
Zin
The Shining One
Jiyva
Lugonu

Annotations:
D 1 transporter


Innate Abilities, Weirdness & Mutations

You are too large for most types of armour.
You have claws for hands.
Your natural rate of healing is unusually fast.
You are covered in fur. (AC +1)
You have tough skin. (AC +1)


Message History

The pyre of ghostly fire engulfs you!!
You feel drained.
* * * LOW HITPOINT WARNING * * *
The pyre of ghostly fire engulfs the bennu.
The bennu completely resists.
You feel much better. The bennu pecks you!
* * * LOW HITPOINT WARNING * * *
The bennu claws you but does no damage. The bennu claws you!
* * * LOW HITPOINT WARNING * * *
The air is filled with shimmering golden clouds!
Sifu Cai Fang says: The storm will not cease as long as you keep fighting, disciple!
The bennu jubilantly flits about.
You block the bennu's attack. The bennu claws you but does no damage.
The bennu claws you.
* * * LOW HITPOINT WARNING * * *
The bennu pecks you but does no damage. You block the bennu's attack.
The bennu claws you.
* * * LOW HITPOINT WARNING * * *
You spin and attack the mummy.
You mangle the mummy!!
You destroy the mummy!
The Council accepts your kill.
You feel better. The bennu pecks you but does no damage.
You block the bennu's attack. The bennu claws you but does no damage.
You block the bennu's attack. x2; The bennu claws you but does no damage.
You are confused.
You feel invigorated. The bennu pecks you.
* * * LOW HITPOINT WARNING * * *
The bennu claws you but does no damage. x2
The bennu pecks you but does no damage. The bennu claws you.
* * * LOW HITPOINT WARNING * * *
The bennu claws you but does no damage.
You mangle the bennu!!
The bennu is moderately wounded.
The bennu pecks you!
* * * LOW HITPOINT WARNING * * *
The bennu claws you.
* * * LOW HITPOINT WARNING * * *
The bennu claws you.
* * * LOW HITPOINT WARNING * * *
The bennu pecks you.
You die...

▓..8©8...▓..8©8...▓
▓..|)....▓....[...▓
▓...)....▓..}.)...▓
▓........▓........▓
▓........▓........▓
▓.▓..†.▓.▓.▓....▓.▓
▓...©....▓...©....▓
▓▓▓▓▓▓▓▓▓▓▓▓▓▓▓▓▓▓▓
▓...8©8§§@▓..8©8..▓
▓..[))☼§§b▓...))..▓
▓...:.§§§§▓...[...▓
▓.....☼§☼§▓.......▓
▓.....☼§§§▓.......▓
▓.........▓...†...▓
▓.........▓....†..▓
▓.▓...†.▓.▓.▓††.▓.▓
▓....©....▓...©...▓


You could see a bennu.

Vanquished Creatures
  A bennu (D)
  A yellow draconian (D)
  A white draconian (D)
  A mummy priest (D)
  A death scarab (D)
  2 wolf spiders (D)
  A draconian (D)
  A rime drake (D)
  A guardian mummy (D)
  4 tarantellas (D)
  2 jumping spiders (D)
  A flying skull (D)
  A neqoxec (D)
  A steam dragon (D)
  2 redbacks (D)
  2 swamp drakes (D)
  4 scorpions (D)
  An iron imp (D)
  2 mummies (D)
  A shadow imp (D)
  A white imp (D)
  An ufetubus (D)
  4 orcs (D)
37 creatures vanquished.

Notes
Turn   | Place    | Note
-------+----------+-------------------------------------------
     0 | D        | NinjaNoafa the Troll Monk began the quest for the Orb.
     0 | D        | Reached XP level 1. HP: 22/22 MP: 0/0
     0 | D        | Found a bloodstained altar of Trog.
     0 | D        | Found a shimmering blue altar of Sif Muna.
     0 | D        | Found a sacrificial altar of Ru.
     0 | D        | Found a stormy altar of Qazlal.
     0 | D        | Found an iron altar of Okawaru.
     3 | D        | Became a worshipper of the Wu Jian Council
     3 | D        | Reached * piety under Wu Jian
     3 | D        | Reached ** piety under Wu Jian
     7 | D        | Found a blossoming altar of Fedhas.
     7 | D        | Found the +6 Majin-Bo {vamp, MP+6 Int+6}
     7 | D        | Found the +27 heavy crossbow "Sniper" {vorpal, Acc+∞ SInv}
     7 | D        | Found the +10 dark maul {vorpal}
     7 | D        | Found the +15 Maxwell's patent armour {-Cast -Tele rElec
                  | Will+ rCorr}
     7 | D        | Found the +18 shield of the Gong {rElec rN+ Will+ EV-5}
     7 | D        | Found the +14 obsidian axe {vorpal, Mesm Drain Fly SInv}
     7 | D        | Found the +7 great mace "Firestarter" {inner flame, rF++}
     7 | D        | Found the +6 shillelagh "Devastator" {shatter}
     7 | D        | Found the +11 plutonium sword {Contam Stlth-}
     7 | D        | Found the +8 lance "Wyrmbane" {slay drac, rPois rF+ rC+
                  | AC+3}
     7 | D        | Found the +9 sword of Zonguldrok {reap}
     7 | D        | Found the +13 scythe of Curses {drain, Drain}
     7 | D        | Found the +5 sword of Power {vorpal}
     7 | D        | Found the +7 mace of Variability {chain chaos}
     7 | D        | Found the +7 Singing Sword {vorpal, sonic wave}
     7 | D        | Found the +8 storm bow {elec, penet}
     9 | D        | Found a hazy altar of Hepliaklqana.
     9 | D        | Found a viscous altar of Jiyva.
     9 | D        | Found an opulent altar of Gozag.
     9 | D        | Found a transporter.
     9 | D        | Found an ancient bone altar of Kikubaaqudgha.
    40 | D        | Found a corrupted altar of Lugonu.
    45 | D        | Found a burning altar of Makhleb.
    46 | D        | Found a sparkling altar of Nemelex Xobeh.
    71 | D        | Reached skill level 5 in Unarmed Combat
    71 | D        | Reached XP level 2. HP: 31/31 MP: 1/1
    74 | D        | Entered arena 2.
    74 | D        | Noticed a tarantella
    74 | D        | Noticed a tarantella
    74 | D        | Found a transporter.
    80 | D        | Killed a tarantella
    81 | D        | Reached skill level 5 in Fighting
    81 | D        | Reached skill level 8 in Unarmed Combat
    81 | D        | Reached XP level 3. HP: 15/42 MP: 2/2
    81 | D        | Reached XP level 4. HP: 19/50 MP: 3/3
    81 | D        | Reached XP level 5. HP: 21/57 MP: 4/4
    84 | D        | Killed a tarantella
    85 | D        | Reached skill level 5 in Armour
    85 | D        | Reached skill level 5 in Shields
    85 | D        | Reached skill level 9 in Unarmed Combat
    85 | D        | Reached XP level 6. HP: 27/67 MP: 5/5
   129 | D        | Entered arena 3.
   129 | D        | Noticed a white draconian
   129 | D        | Noticed a yellow draconian
   129 | D        | Noticed a draconian
   129 | D        | Found a transporter.
   136 | D        | Killed a draconian
   137 | D        | Reached skill level 11 in Unarmed Combat
   137 | D        | Reached XP level 7. HP: 40/76 MP: 6/6
   153 | D        | HP: 2/114 [yellow draconian/glob of acid (13)]
   162 | D        | Killed a yellow draconian
   162 | D        | Reached *** piety under Wu Jian
   163 | D        | Reached skill level 12 in Unarmed Combat
   163 | D        | Reached XP level 8. HP: 45/88 MP: 7/7
   164 | D        | Killed a white draconian
   165 | D        | Reached skill level 13 in Unarmed Combat
   165 | D        | Reached XP level 9. HP: 53/96 MP: 8/8
   198 | D        | Entered arena 4.
   198 | D        | Found a transporter.
   204 | D        | Reached **** piety under Wu Jian
   211 | D        | Got the Tome of Spellbinding Adjuration
   223 | D        | Entered arena 5.
   223 | D        | Noticed a rime drake
   223 | D        | Found a transporter.
   227 | D        | Killed a rime drake
   232 | D        | Reached skill level 14 in Unarmed Combat
   232 | D        | Reached ***** piety under Wu Jian
   252 | D        | Got the ring "Hogruy Keoka" {rElec AC+4 Str+7 Int-2 Stlth-}
   260 | D        | Entered arena 6.
   260 | D        | Found a transporter.
   314 | D        | Entered arena 7.
   323 | D        | Reached ****** piety under Wu Jian
   324 | D        | Found a transporter.
   357 | D        | Entered arena 8.
   357 | D        | Noticed a wolf spider
   357 | D        | Noticed a wolf spider
   365 | D        | Found a transporter.
   367 | D        | Reached skill level 15 in Unarmed Combat
   370 | D        | Killed a wolf spider
   371 | D        | Reached XP level 10. HP: 37/107 MP: 9/9
   382 | D        | Killed a wolf spider
   383 | D        | Reached skill level 10 in Shields
   447 | D        | Entered arena 9.
   447 | D        | Found the +3 salamander hide armour {Flames rF++ rC--}
   447 | D        | Noticed a bennu
   447 | D        | Noticed a death scarab
   447 | D        | Noticed a mummy priest
   448 | D        | Found a transporter.
   450 | D        | Noticed a sun demon
   452 | D        | Killed a death scarab
   453 | D        | Reached skill level 10 in Fighting
   453 | D        | Reached skill level 16 in Unarmed Combat
   455 | D        | Killed a mummy priest
   464 | D        | HP: 2/110 [bennu (5)]
   474 | D        | Killed a bennu
   474 | D        | Reached skill level 10 in Armour
   474 | D        | HP: 2/107 [spore (24)]
   474 | D        | Noticed a bennu
   481 | D        | Slain by a bennu

Illustrated notes

Levels and vault maps discovered:
D:        sprint_v [room_start, room_1, room_2, room_3, room_4, room_5, room_6,
          room_7, room_8, room_9, room_10, room_11, room_12, room_13, room_14,
          room_15, room_16, room_17, room_18, room_19, room_20, room_21,
          room_22, room_23, room_24, room_25, room_26, room_27]

Skill      XL: |  1  2  3  4  5  6  7  8  9 10 |
---------------+-------------------------------+-----
Fighting       | 3 5 6 7 8 9 10 | 10.5
Armour         | 2 4 5 6 7 9 10 | 10.1
Shields        | 2 4 5 6 7 8 9 11 | 11.0
Unarmed Combat | 5 8 9 11 12 13 15 16 | 16.9
Dodging        | |  2.4
Stealth        | |  1.0

Action                   |  1- 3 |  4- 6 |  7- 9 | 10-12 || total
-------------------------+-------+-------+-------+-------++-------
Melee: Unarmed           |     2 |     9 |    49 |    22 ||    82
Invok: Whirlwind         |     1 |     2 |     7 |     1 ||    11
       Lunge             |       |       |     1 |       ||     1
       Heavenly Storm    |       |       |       |     2 ||     2
       Serpent's Lash    |       |       |       |     1 ||     1
 Abil: Wall Jump         |       |       |     1 |     2 ||     3
Evoke: Wand              |     2 |     1 |     6 |     4 ||    13
       Lightning rod     |     2 |       |     6 |       ||     8
       Tin of tremorston |       |     1 |     4 |     2 ||     7
       Piece from Xom's  |       |       |     4 |       ||     4
  Use: Potion            |     1 |     1 |     8 |     9 ||    19
       Scroll            |       |       |     1 |     3 ||     4
Armor: Gold dragon scale |     6 |     5 |    53 |    62 ||   126
Dodge: Dodged            |       |       |     7 |    19 ||    26
Block: Tower shield      |     6 |     7 |    67 |    67 ||   147

Table legend: (Time is in decaauts)
 A = Elapsed time spent in this place.
 B = Non-inter-level travel time spent in this place.
 C = Inter-level travel time spent in this place.
 D = Time resting spent in this place.
 E = Time spent auto-exploring this place.
 F = Levels seen in this place.
 G = Mean time per level.
                   A        B        C        D        E       F      G
               +--------+--------+--------+--------+--------+-----+--------+
         Total |    490 |    480 |     10 |      0 |    140 |   1 |  490.0 |
       Dungeon |    490 |    480 |     10 |      0 |    140 |   1 |  490.0 |
               +--------+--------+--------+--------+--------+-----+--------+

Top non-repeatable levels by time:
       D: 490 daAuts
